AoeStats
← majostgr

Marketplace

506415202Analyzed
1v1 RM · 17d ago on Sep 13, 2026· 45m 2s· 2 players
Game mode
Random Map
Map size
Tiny (2 player)
Population
200
Speed
Normal
Resources
Standard
Victory
Conquest
Starting age
Dark Age
Ending age
Imperial Age
RankedLock teamsTeams togetherTeam positionsShared explorationLock speedFull tech treeHidden civsTurbo modeCheats
Victory
Defeat
🇸🇰 Burgundians · Slovakia
1117
+16
🇨🇱 Khmer · Chile
1113
-16
NPG | Polla HXC
6:59 Loom
9:12 Feudal Age
10:16 Double-Bit Axe
14:50 Horse Collar
20:03 Castle Age
19:34 Gold Mining
20:50 Caravan
21:29 Gold Shaft Mining
21:06 Bow Saw
23:10 Bloodlines
23:01 Husbandry
24:55 Heavy Plow
25:10 Pikeman
25:59 Scale Mail Armor
26:10 Forging
26:05 Scale Barding Armor
27:29 Chain Mail Armor
28:06 Wheelbarrow
31:52 Arson
35:25 Fortified Wall
35:36 Ballistics
35:26 Crossbowman
36:19 Fletching
36:28 Stone Mining
38:05 Hand Cart
majostgr
8:16 Double-Bit Axe
8:33 Loom
10:22 Feudal Age
16:01 Castle Age
16:02 Wheelbarrow
15:24 Gold Mining
22:04 Bow Saw
22:22 Cavalier
25:54 Scale Barding Armor
27:31 Scale Mail Armor
30:07 Stone Mining
30:26 Squires
30:12 Arson
31:13 Chain Mail Armor
32:26 Forging
37:42 Chain Barding Armor
42:25 Imperial Age
40:12 Hand Cart
41:11 Iron Casting
44:33 Husbandry
45:41 Chemistry
Connection lost

Rejoining the realm…

Still unreachable

The connection could not be restored.

Session expired

The server has moved on; the page needs a fresh start.